 Dungeon Crawl Stone Soup version 0.32-a0-765-gfba4d74c8c (webtiles) character file.

Game seed: 790688842968044638

12522 Ajdolov the Skirmisher (level 11, -2/118 HPs)
             Began as a Coglin Hexslinger on Mar 18, 2024.
             Was an Initiate of Gozag.
             Slain by an ogre
             ... wielding a +0 giant club
             ... led by Lodul
              (12 damage)
             ... on level 10 of the Dungeon on Mar 19, 2024.
             The game lasted 00:40:43 (14015 turns).

Ajdolov the Skirmisher (Coglin Hexslinger)         Turns: 14015, Time: 00:40:43

Health: -2/118     AC: 25    Str:  8    XL:     11   Next: 94%
Magic:  12/12      EV:  2    Int: 14    God:    Gozag
Gold:   395        SH:  0    Dex: 20    Spells: 7/12 levels left

rFire   + . .        c - +6 hand cannon (heavy) {Else}
rCold   + . .        a - +1 sling {Ælfric}
rNeg    . . .        j - melded +2 leather armour {rC+}
rPois   +            w - melded +0 helmet
rElec   +            H - melded +0 cloak {rPois}
rCorr   +            f - melded +0 pair of gloves {hurl}
SInv    .            (boots currently unavailable)
Will    .....        (no amulet)
Stlth   ++           (no ring)
HPRegen 0.39/turn    (no ring)
MPRegen 0.13/turn    (no gizmo)

%: no passive effects
@: mighty, tree-form, resistant, gold aura, on berserk cooldown, slowed,
revving, very slow
A: stationary, stasis, torment immunity, boosted hp, off-hand wielding, slow
wielding, warmup strikes, (no jewellery)
a: Invent Gizmo, End Transformation, Renounce Religion, Potion Petition, Call
Merchant, Bribe Branch


You were on level 10 of the Dungeon.
You worshipped Gozag.
Gozag was aware of your devotion.
You were a tree.
You visited 2 branches of the dungeon, and saw 12 of its levels.
You also visited: Sewer.

You collected 2416 gold pieces.
You spent 403 gold pieces at shops.
You paid 1618 gold pieces to Gozag.

Inventory:

Hand Weapons
 a - a +1 sling (offhand) {Ælfric}
 c - a +6 heavy hand cannon (weapon) {Else}
Missiles
 F - a throwing net
 I - a curare-tipped dart
Armour
 f - a +0 pair of gloves of hurling (melded)
 j - a +2 leather armour of cold resistance (melded)
 w - a +0 helmet (melded)
 H - a +0 cloak of poison resistance (melded)
Wands
 y - a wand of charming (8)
 B - a wand of flame (30)
 D - a wand of iceblast (21)
 G - a wand of polymorph (5)
Scrolls
 b - 2 scrolls of poison
 e - 4 scrolls of revelation
 h - a scroll of torment
 i - a scroll of brand weapon
 n - a scroll of enchant armour
 o - 5 scrolls of immolation
 s - 4 scrolls of teleportation
 u - 4 scrolls of fog
 v - a scroll of silence
 E - 4 scrolls of noise
 J - 3 scrolls of amnesia
 K - a scroll of vulnerability
Potions
 k - a potion of ambrosia {unknown}
 l - a potion of heal wounds {unknown}
 q - 5 potions of might
 t - a potion of resistance
 x - 2 potions of lignification
 z - a potion of haste {unknown}
Miscellaneous
 d - a box of beasts


   Skills:
 - Level 5.0 Fighting
 + Level 14.7 Ranged Weapons
 - Level 5.0 Armour
 - Level 1.7 Dodging
 - Level 1.0 Spellcasting
 - Level 5.0 Hexes
 - Level 0.8 Fire Magic
 - Level 5.0 Evocations


You had 7 spell levels left.
You knew the following spells:

 Your Spells              Type           Power      Damage    Failure   Level
a - Jinxbite              Hex            28%        N/A       4%          2
b - Sigil of Binding      Hex            14%        N/A       10%         3

Your spell library contained the following spells:

 Spells                   Type           Power      Damage    Failure   Level
 Slow                     Hex            56%        N/A       3%          1
 Confusing Touch          Hex            14%        N/A       10%         3
 Ensorcelled Hibernation  Hex/Ice        14%        N/A       14%         2
 Inner Flame              Hex/Fire       8%         N/A       24%         3
 Apportation              Tloc           0%         N/A       26%         1
 Freeze                   Ice            0%         1d3       26%         1
 Magic Dart               Conj           0%         1d3       26%         1
 Necrotise                Necr           0%         1d4       26%         1
 Sting                    Conj/Alch      0%         1d3       26%         1
 Summon Small Mammal      Summ           0%         N/A       26%         1
 Cause Fear               Hex            7%         N/A       32%         4
 Blink                    Tloc           0%         N/A       36%         2
 Call Imp                 Summ           0%         N/A       36%         2
 Lesser Beckoning         Tloc           0%         N/A       36%         2
 Momentum Strike          Conj/Tloc      0%         3d8       36%         2
 Call Canine Familiar     Summ           0%         N/A       61%         3
 Frozen Ramparts          Ice            0%         1d1       61%         3
 Hailstorm                Conj/Ice       0%         3d5       61%         3
 Passwall                 Erth           0%         N/A       61%         3
 Swiftness                Air            0%         N/A       61%         3
 Vampiric Draining        Necr           0%         2d6       61%         3
 Dimensional Bullseye     Hex/Tloc       3%         N/A       67%         4


Dungeon Overview and Level Annotations

Branches:
Dungeon (11/15)            Temple (1/1) D:5            Lair (0/5) D:11
    Orc (0/2) D:11          Sewer (visited)

Altars:
Ashenzari
Cheibriados
Dithmenos
Elyvilon
Fedhas
Gozag
Hepliaklqana
Kikubaaqudgha
Makhleb
Nemelex Xobeh
Okawaru
Qazlal
Ru
Sif Muna
Trog
Uskayaw
Vehumet
Wu Jian
Xom
Yredelemnul
Zin
The Shining One

Shops:
D:1 =   D:3 !   D:6 *   D:9 (

Portals:
Abyss: D:4

Annotations:
D:4 2 transporters, Godo's ghost, amateur DECj
D:7 3 runed translucent doors, YordlordTheGreat's ghost, novice MfSu
D:10 Fannar


Innate Abilities, Weirdness & Mutations

You are a tree.
Your roots penetrate the ground, keeping you stationary.
You cannot be teleported.
You are immune to unholy pain and torment.
Your maximum health is greatly increased.
Your equipment is partially melded.
You can wield a second weapon in your off-hand.
It takes a long time for you to wield or remove held weapons.
Your first few attacks do less damage.
((You cannot equip rings or amulets.))


Message History

Unknown command.
Okay, then. [a] - 168 gold - might and brilliance [b] - 777 gold - resistance, might, haste, heal wounds and magic [c] - 374 gold - lignification, might and resistance Purchase which effect?
You don't have enough gold for that! [a] - 168 gold - might and brilliance [b] - 777 gold - resistance, might, haste, heal wounds and magic [c] - 374 gold - lignification, might and resistance Purchase which effect?
You don't have enough gold for that! [a] - 168 gold - might and brilliance [b] - 777 gold - resistance, might, haste, heal wounds and magic [c] - 374 gold - lignification, might and resistance Purchase which effect?
You no longer have enough gold to petition Gozag for potion effects.
You turn into a tree.
Your +0 cloak of poison resistance melds into your body.
Your +0 helmet melds into your body.
Your +0 pair of gloves of hurling melds into your body.
Your +2 leather armour of cold resistance melds into your body.
Your aim is not that steady anymore.
You feel less resistant to cold.
Your roots penetrate the ground.
You feel very mighty all of a sudden.
You feel protected. Lodul barely misses you.
It was a potion of resistance.
You feel protected.
Lodul zaps a wand.
You easily resist.
You shoot a slug. The slug hits Lodul!!
You kill Lodul!
You shoot a sling bullet.
The sling bullet barely misses the ogre.
The sling bullet hits the ogre.
The ogre is moderately wounded.
You hear a shout!
It was a potion of magic.
Magic courses through your body. The ogre hits you with a +0 giant club!
You die...
Your body crumbles into a pile of gold.

# #...#.#.....# #...# ####
###.#.#.#.###.# ###.# ...#
#.'.#...#.#...######'####
...####.#.#####.#.####........#
...#....#.......#.#..#........#
.....####.#########.......O...#
...### #...#..OOO.O#.........#
...# ###.#.#####.#.........#
.(.# #.#.#.OO♣.#.##..O.....#
#### #.#.#####°#.##........# #
#.........#.####'###### #
########'#### #....### ####
#####.# ####...# ...# #.....#
######'## ...# ######'#####
#####.......#
...####.........####...'.......#
...##.+.).......'....###e.<....#


You could see 2 ogres.

Vanquished Creatures
  2 two-headed ogres
  Lodul (D:10)
  A manticore (D:11)
  A gargoyle (D:7)
  4 trolls
  2 wyverns
  A warg (D:11)
  15 yaks
  4 vampire mosquitoes (D:11)
  4 acid dragons
  2 black bears
  6 orc warriors
  2 ice beasts
  3 sky beasts
  2 wolves (D:11)
  A centaur (D:11)
  3 ogres
  5 kobold brigands (D:8)
  4 bullfrogs
  5 scorpions
  An electric eel (D:11)
  15 killer bees
  7 howler monkeys
  A lava snake (D:10)
  A bombardier beetle (D:3)
  4 hounds
  15 orc priests
  6 gnoll boudas
  2 jellies
  2 sleepcaps (D:6)
  Jessica (D:3)
  Ijyb (D:5)
  16 orc wizards
  Robin (D:3)
  35 gnolls
  16 adders
  7 river rats
  A white imp (D:5)
  4 dart slugs
  10 ribbon worms
  51 orcs
  9 endoplasms
  6 giant cockroaches
  11 goblins
  6 hobgoblins
  8 jackals
  7 quokkas
  13 ball pythons
  11 bats
  10 frilled lizards
  35 kobolds
  23 rats
404 creatures vanquished.

Notes
Turn   | Place    | Note
-------+----------+-------------------------------------------
     0 | D:1      | Ajdolov the Coglin Hexslinger began the quest for the Orb.
     0 | D:1      | Reached XP level 1. HP: 15/15 MP: 2/2
    84 | D:1      | Reached XP level 2. HP: 22/22 MP: 3/3
   149 | D:1      | Found Mochi's Jewellery Boutique.
   280 | D:1      | Reached XP level 3. HP: 20/28 MP: 4/4
   287 | D:1      | Learned a level 2 spell: Jinxbite
  1281 | D:2      | Reached XP level 4. HP: 35/37 MP: 5/5
  1451 | D:2      | Reached XP level 5. HP: 43/43 MP: 3/6
  1857 | D:3      | Reached skill level 5 in Fighting
  2003 | D:3      | Reached skill level 2 in Ranged Weapons
  2065 | D:3      | Found a glowing drain.
  2073 | Sewer    | Entered a sewer
  2183 | Sewer    | Reached XP level 6. HP: 28/51 MP: 5/7
  2335 | Sewer    | Reached skill level 3 in Ranged Weapons
  2712 | D:3      | Noticed Jessica
  2713 | D:3      | Killed Jessica
  2714 | D:3      | Reached skill level 4 in Ranged Weapons
  2714 | D:3      | Reached XP level 7. HP: 56/56 MP: 8/8
  2739 | D:3      | Noticed Robin
  2744 | D:3      | Killed Robin
  3152 | D:3      | Found a faded altar of an unknown god.
  3485 | D:3      | Found Pilaec's Distillery.
  3494 | D:3      | Bought a potion of curing for 39 gold pieces
  4030 | D:4      | Reached skill level 5 in Ranged Weapons
  4091 | D:4      | Found a transporter.
  4122 | D:4      | Found a one-way gate to the infinite horrors of the Abyss.
  4122 | D:4      | Noticed Godo's ghost (amateur DECj)
  4127 | D:4      | Noticed an ancient zyme
  4307 | D:4      | Reached XP level 8. HP: 51/62 MP: 7/9
  4628 | D:4      | Noticed a small abomination
  4643 | D:4      | Found a transporter.
  4851 | D:5      | Entered Level 5 of the Dungeon
  5051 | D:4      | Reached skill level 6 in Ranged Weapons
  5219 | D:5      | Reached skill level 5 in Hexes
  5231 | D:5      | Noticed Ijyb
  5240 | D:5      | Killed Ijyb
  5288 | D:5      | Found a staircase to the Ecumenical Temple.
  5297 | Temple   | Entered the Ecumenical Temple
  5328 | Temple   | Became a worshipper of Gozag Ym Sagoz the Greedy
  5448 | D:5      | Found a blossoming altar of Fedhas.
  5493 | D:5      | Found a sparkling altar of Nemelex Xobeh.
  5762 | D:5      | Reached skill level 7 in Ranged Weapons
  6174 | D:6      | Reached skill level 8 in Ranged Weapons
  6300 | D:6      | Reached XP level 9. HP: 68/68 MP: 8/10
  6335 | D:6      | Found a basalt altar of Yredelemnul.
  6454 | D:6      | Reached skill level 9 in Ranged Weapons
  6922 | D:6      | Found Ucem's Serpentskin Sales.
  6934 | D:6      | Bought a +0 cloak of poison resistance for 127 gold pieces
  7048 | D:6      | Found a white marble altar of Elyvilon.
  7090 | D:6      | Learned a level 3 spell: Sigil of Binding
  7337 | D:7      | Noticed a gargoyle
  7351 | D:7      | Killed a gargoyle
  7352 | D:7      | Reached skill level 10 in Ranged Weapons
  7352 | D:7      | Reached skill level 1 in Evocations
  8107 | D:7      | Reached XP level 10. HP: 41/74 MP: 6/11
  8258 | D:7      | Reached skill level 5 in Evocations
  8346 | D:7      | Found a runed translucent gate.
  8347 | D:7      | Found a runed translucent gate.
  8347 | D:7      | Found a runed translucent gate.
  8350 | D:7      | Noticed YordlordTheGreat's ghost (novice MfSu)
  8425 | D:7      | Found a shadowy altar of Dithmenos.
  9025 | D:8      | Reached skill level 11 in Ranged Weapons
  9042 | D:8      | Found a radiant altar of Vehumet.
  9868 | D:8      | Found a burning altar of Makhleb.
 10037 | D:9      | Found a bloodstained altar of Trog.
 10279 | D:8      | Reached skill level 12 in Ranged Weapons
 10943 | D:9      | Found a glowing golden altar of the Shining One.
 11585 | D:10     | Entered Level 10 of the Dungeon
 11587 | D:10     | Noticed Fannar
 11704 | D:10     | Noticed a two-headed ogre
 11830 | D:9      | Bought a +2 heavy hand cannon for 237 gold pieces
 11958 | D:10     | Reached skill level 1 in Armour
 11964 | D:10     | Reached skill level 13 in Ranged Weapons
 11964 | D:10     | Reached XP level 11. HP: 57/79 MP: 7/12
 12037 | D:10     | Found a hide-covered altar of Uskayaw.
 12222 | D:10     | Killed a two-headed ogre
 12323 | D:10     | Noticed Lodul
 12608 | D:11     | Noticed a two-headed ogre
 12618 | D:11     | Killed a two-headed ogre
 12818 | D:11     | Reached skill level 14 in Ranged Weapons
 13234 | D:11     | Reached skill level 5 in Armour
 13266 | D:11     | Noticed a manticore
 13368 | D:11     | Killed a manticore
 13490 | D:11     | Found a staircase to the Lair.
 13718 | D:11     | Found a staircase to the Orcish Mines.
 14014 | D:10     | Killed Lodul
 14015 | D:10     | Slain by an ogre

Illustrated notes

Levels and vault maps discovered:
D:1:      psy_arrival_radial01, layout_basic, serial_shops, shop
D:2:      layout_loops_ring
D:3:      layout_loops_corners, hellmonk_ecumenical_altar_run_dry, serial_shops,
          nicolae_shop_tiny_glass, lightli_sewer_entry_pipes,
          serial_park_tiny_pond, hangedman_decor_riveting, uniq_jessica,
          uniq_robin
D:4:      layout_cave_pods, gammafunk_ghost_abyssal_escape,
          minmay_misc_feat_encased, minivault_5
D:5:      layout_basic, mainiacjoe_overflow_brackets, fedhas_altar_1,
          minmay_temple_entry_nine_rooms, roderic_roman_lattice, uniq_ijyb
D:6:      layout_basic, kennysheep_ying_yang, guppyfry_shop_venom
D:7:      layout_basic, nicolae_dithmenos_through_a_glass_darkly,
          gammafunk_ghost_necromancy, hangedman_decor_clover_reticule
D:8:      layout_basic, vehumet_altar_wand_db, mainiacjoe_overflow_tiny_flanked
D:9:      layout_basic, mainiacjoe_overflow_chevrons, kennysheep_mini_moat
D:10:     layout_roguey, nicolae_uskayaw_suspiria, uniq_fannar, uniq_lodul
D:11:     layout_basic, erik_lair_orcish_takeover, erik_orc_3, minivault_14
Temple:   hellmonk_temple_forest_ring

Skill      XL: |  1  2  3  4  5  6  7  8  9 10 11 |
---------------+----------------------------------+-----
Fighting       | 2 3 4 5 |  5.0
Ranged Weapons | 2 4 5 8 10 13 14 | 14.7
Hexes          | 3 4 5 |  5.0
Evocations     | 4 5 |  5.0
Armour         | 2 5 |  5.0
Dodging        | |  1.7
Spellcasting   | |  1.0
Fire Magic     | |  0.8

Action                     |  1- 3 |  4- 6 |  7- 9 | 10-12 || total
---------------------------+-------+-------+-------+-------++-------
   Fire: Sling             |   226 |   322 |  1082 |   686 ||  2316
         Hand cannon       |       |       |       |   140 ||   140
   Cast: Jinxbite          |       |    11 |    37 |    33 ||    81
         Sigil of Binding  |       |       |    10 |     3 ||    13
 Invoke: Call Merchant     |       |       |       |     1 ||     1
         Potion Petition   |       |       |       |     2 ||     2
  Evoke: Wand              |       |       |     3 |     3 ||     6
    Use: Potion            |       |       |     1 |     9 ||    10
         Scroll            |       |       |       |    25 ||    25
 Armour: Robe              |    30 |    59 |   128 |    71 ||   288
         Leather armour    |       |       |       |    43 ||    43
         Skin              |       |       |       |     1 ||     1
  Dodge: Dodged            |    24 |    62 |    80 |    96 ||   262

Table legend: (Time is in decaauts)
 A = Elapsed time spent in this place.
 B = Non-inter-level travel time spent in this place.
 C = Inter-level travel time spent in this place.
 D = Time resting spent in this place.
 E = Time spent auto-exploring this place.
 F = Levels seen in this place.
 G = Mean time per level.
                   A        B        C        D        E       F      G
               +--------+--------+--------+--------+--------+-----+--------+
         Total |  14223 |  13646 |    577 |   1218 |   9399 |  13 | 1094.1 |
       Dungeon |  13609 |  13046 |    563 |   1064 |   9113 |  11 | 1237.2 |
        Temple |     46 |     32 |     14 |      0 |      0 |   1 |   46.0 |
         Sewer |    567 |    567 |      0 |    154 |    285 |   1 |  567.0 |
               +--------+--------+--------+--------+--------+-----+--------+

Top non-repeatable levels by time:
     D:7: 1719 daAuts
     D:3: 1568 daAuts
     D:9: 1543 daAuts
    D:11: 1452 daAuts
     D:4: 1421 daAuts
     D:8: 1312 daAuts
     D:6: 1146 daAuts
     D:2: 967 daAuts
    D:10: 886 daAuts
     D:1: 846 daAuts
     D:5: 744 daAuts
   Sewer: 567 daAuts
  Temple: 46 daAuts
